 Dungeon Crawl Stone Soup version 0.16.1-16-gc44b35d (webtiles) character file.

32 M4edhros the Insei (level 3, -3/26 HPs)
             Began as an Octopode Monk on Apr 18, 2015.
             Was a Believer of Cheibriados.
             Slain by an ogre
             ... wielding a +0 giant club
              (17 damage)
             ... on level 4 of the Dungeon.
             The game lasted 00:01:57 (709 turns).

M4edhros the Insei (Octopode Monk)                   Turns: 709, Time: 00:01:58

Health: -3/26      AC:  1    Str: 14    XL:     3   Next: 27%
Magic:  12/12      EV: 11    Int: 16    God:    Cheibriados [**....]
Gold:   50         SH:  8    Dex: 19    Spells: 0 memorised, 2 levels left

rFire  . . .     SeeInvis .     g - +2 whip (elec)
rCold  . . .     Clarity  .     f - +1 shield
rNeg   . . .     SustAb   .     (helmet restricted)
rPois  .         Gourm    .     (no amulet)
rElec  .         Spirit   .     h - ring of magical power
rCorr  .         Warding  .     (no ring)
rMut   .         Stasis   .     (no ring)
MR     .....                    (no ring)
Stlth  ++++......               (no ring)
                                (no ring)
                                (no ring)
                                (no ring)

@: very slow, not resistant to hostile enchantments, stealthy
A: almost no armour, amphibious, 8 rings, constrict 8, camouflage 1, gelatinous
body 1
a: Bend Time, Renounce Religion


You were on level 4 of the Dungeon.
You worshipped Cheibriados.
Cheibriados was pleased with you.
You were not hungry.

You visited 2 branches of the dungeon, and saw 5 of its levels.

You collected 50 gold pieces.

Inventory:

Hand weapons
 g - a +2 whip of electrocution (weapon)
Armour
 f - a +1 shield (worn)
Jewellery
 h - a ring of magical power (left tentacle)
 l - a +5 ring of strength {unknown}
Magical devices
 i - a wand of flame (26)
 k - a wand of hasting (5)
Scrolls
 a - a scroll of random uselessness {unknown}
 c - 4 scrolls of identify
Potions
 d - a potion of haste
 e - a potion of heal wounds
 j - a potion of berserk rage {unknown}
Comestibles
 b - 2 bread rations


   Skills:
 + Level 3.2 Fighting
 * Level 1.3 Maces & Flails
 + Level 3.2 Dodging
 + Level 3.4 Stealth
 - Level 4.1 Unarmed Combat


You had 2 spell levels left.
You didn't know any spells.

Dungeon Overview and Level Annotations

Branches:
Dungeon (4/15)             Temple (1/1) D:4

Altars:
Cheibriados
Kikubaaqudgha
Sif Muna
Vehumet
Yredelemnul
The Shining One

Annotations:
D:2 Terence


Innate Abilities, Weirdness & Mutations

You cannot wear most types of armour.
You are amphibious.
You can wear up to eight rings at the same time.
You can use your tentacles to constrict many enemies at once.
Your skin changes colour to match your surroundings (Stealth).
Your rubbery body absorbs attacks (AC +1).


Message History

Unknown command.
(D) Dungeon (T) Temple
Where to? (Enter - D:1 @ (x,y), ? - help)
There is a staircase back to the Dungeon here.
You climb upwards.
Welcome back to the Dungeon!
The ogre closely misses you.
The ogre is too close now for your liking.
There is a staircase to the Ecumenical Temple here.
You hit the ogre.
There is a sudden explosion of sparks!
The ogre is heavily wounded.
You barely miss the ogre. You squeeze the ogre, but do no damage.
The ogre is heavily wounded.
You block the ogre's attack.
You hit the ogre but do no damage.
The ogre is heavily wounded.
The ogre hits you with a giant club!
You hit the ogre.
The ogre is heavily wounded.
The ogre hits you with a giant club!
Ouch! That really hurt!
You die...

# .... ##... ......... .#
###.... .........
...###..... #........
...>.(...(. ........
..........# ##.......
.......PP.## #........
.........P..#####........
#.....P@......#...<.....
#.....P.OP..........###..
......P.P..........#
....................#
.....................#
......................
..............###....
...........### #..
.....#### #


You could see an ogre.

Vanquished Creatures
  2 adders
  An ooze (D:1)
  An orc (D:3)
  A giant cockroach (D:1)
  2 goblins (D:3)
  A hobgoblin (D:1)
  2 kobolds (D:1)
  A giant gecko (D:2)
  A giant newt (D:2)
  2 rats (D:1)
14 creatures vanquished.

Notes
Turn   | Place    | Note
--------------------------------------------------------------
     0 | D:1      | M4edhros, the Octopode Monk, began the quest for the Orb.
     0 | D:1      | Reached XP level 1. HP: 16/16 MP: 1/1
   176 | D:1      | Reached XP level 2. HP: 14/21 MP: 2/2
   322 | D:2      | Noticed Terence
   394 | D:3      | Reached skill level 1 in Maces & Flails
   394 | D:3      | Reached XP level 3. HP: 21/26 MP: 3/3
   535 | D:4      | Found a staircase to the Ecumenical Temple.
   540 | D:4      | Noticed an ogre
   546 | Temple   | Entered the Ecumenical Temple
   696 | Temple   | Became a worshipper of Cheibriados the Contemplative
   696 | Temple   | Acquired Cheibriados' first power
   709 | D:4      | Slain by an ogre

Action                   || total
-------------------------++-------
Melee: Unarmed           ||    19
       Whip              ||    20
  Use: Scroll            ||     3
 Stab: Sleeping          ||     5
